 Dungeon Crawl Stone Soup version 0.26-a0-40-gfe7b5d5a6f (webtiles) character file.

Game seed: 2641675005297234421, levelgen mode: classic

58 EnegeticOcto the Vexing (level 3, -1/14 HPs)
             Began as a Felid Wanderer on May 31, 2020.
             Slain by an adder (5 damage)
             ... on level 2 of the Dungeon.
             The game lasted 00:05:11 (2305 turns).

EnegeticOcto the Vexing (Felid Wanderer)            Turns: 2305, Time: 00:05:12

Health: -1/14      AC:  1    Str:  8    XL:     3   Next: 76%
Magic:  5/7        EV: 15    Int: 14    God:
Gold:   49         SH:  0    Dex: 15    Spells: 1/6 levels left
                                        Lives:  0   Deaths: 0

rFire    . . .     SeeInvis +   (weapon unavailable)
rCold    . . .     Gourm    .   (shield unavailable)
rNeg     . . .     Faith    .   (armour unavailable)
rPois    .         Spirit   .   (helmet unavailable)
rElec    .         Reflect  .   (cloak unavailable)
rCorr    .         Harm     .   (gloves unavailable)
MR       .....                  (boots unavailable)
Stlth    ++........             (no amulet)
HPRegen  0.04/turn              (no ring)
MPRegen  0.10/turn              (no ring)

@: lethally poisoned (-1 -> -11), quick
A: very small, no armour, no weapons or thrown items, stealth, claws 1, fangs 3,
see invisible, carnivore, speed 1, shaggy fur 1, slow metabolism 1, sharp paws
a: no special abilities


You were on level 2 of the Dungeon.
You were completely stuffed.

You visited 1 branch of the dungeon, and saw 2 of its levels.

You collected 49 gold pieces.

Inventory:

Jewellery
 a - an uncursed ring of ice
Scrolls
 c - a scroll of fear {unknown}
Potions
 g - a potion of heal wounds {unknown}
Comestibles
 b - a chunk of flesh
 e - 2 rations


   Skills:
 - Level 2.2 Stealth
 - Level 2.0 Spellcasting
 - Level 1.6 Conjurations
 - Level 3.0 Hexes
 + Level 2.7 Summonings
   Level 2.0 Necromancy
   Level 1.0 Ice Magic
   Level 1.1 Evocations


You had one spell level left.
You knew the following spells:

 Your Spells              Type           Power        Failure   Level  Hunger
a - Magic Dart            Conj           #...         12%         1    ##.....
b - Slow                  Hex            #.......     11%         2    ###....
c - Call Imp              Summ           #.......     12%         2    ###....

Your spell library contained the following spells:

 Spells                   Type           Power        Failure   Level  Hunger
 Blink                    Tloc           N/A          34%         2    ###....
 Conjure Flame            Conj/Fire      #.......     45%         3    ####...
 Mephitic Cloud           Conj/Pois/Air  #.......     50%         3    ####...


Dungeon Overview and Level Annotations

Branches:
Dungeon (2/15)

Altars:

Annotations:
D:1 exclusion: 2 downstairs


Innate Abilities, Weirdness & Mutations

You cannot wear armour.
You are incapable of wielding weapons or throwing items.
Your paws allow you to move quietly. (Stealth)
You have sharp claws.
You have razor-sharp teeth.
You have supernaturally acute eyesight. (SInv)
You are carnivorous and can eat meat at any time.
You cover ground quickly.
You are covered in fur. (AC +1)
You have a slow metabolism.
Your sharp claws are effective at attacking unaware monsters.


Message History

You start resting.
Some of the chunks of flesh in your inventory have rotted away.
Eating one of 2 chunks of flesh.
You eat one of the 2 chunks of flesh.
This raw flesh tastes great.
Your magical contamination has completely faded away.
Press: ? - help, v - describe, . - travel A stone staircase leading down.
Placed new exclusion.
Reduced exclusion size to a single square.
(D) Dungeon
Where to? (Enter - D:2, ? - help) Magic restored.
There is an escape hatch in the floor here.
There is a stone staircase leading down here.
You climb downwards.
There is a stone staircase leading up here.
You see here a stone.
The hobgoblin is too close now for your liking.
Casting: Call Imp (safe; 12% risk of failure)
Confirm with . or Enter, or press ? or * to list all spells.
Aiming: Magic Dart (safe; 12% risk of failure)
Press: ? - help, Shift-Dir - straight line, f - hobgoblin
Aim: a hobgoblin (wandering, hasn't noticed you)
The magic dart hits the hobgoblin.
The hobgoblin is moderately wounded.
The hobgoblin shouts!
You hear a bark!
Casting: Magic Dart (safe; 12% risk of failure)
Confirm with . or Enter, or press ? or * to list all spells.
Aiming: Magic Dart (safe; 12% risk of failure)
Press: ? - help, Shift-Dir - straight line, f/p - hobgoblin
Aim: a hobgoblin (moderately wounded)
The magic dart hits the hobgoblin.
The hobgoblin is heavily wounded.
Casting: Magic Dart (safe; 12% risk of failure)
Confirm with . or Enter, or press ? or * to list all spells.
Aiming: Magic Dart (safe; 12% risk of failure)
Press: ? - help, Shift-Dir - straight line, f/p - hobgoblin
Aim: a hobgoblin (heavily wounded)
The magic dart hits the hobgoblin.
The hobgoblin is severely wounded.
Casting: Magic Dart (safe; 12% risk of failure)
Confirm with . or Enter, or press ? or * to list all spells.
Aiming: Magic Dart (safe; 12% risk of failure)
Press: ? - help, Shift-Dir - straight line, f/p - hobgoblin
Aim: a hobgoblin (heavily wounded)
The magic dart hits the hobgoblin but does no damage.
The hobgoblin is heavily wounded.
Casting: Magic Dart (safe; 12% risk of failure)
Confirm with . or Enter, or press ? or * to list all spells.
A beastly little devil appears in a puff of flame.
You swap places.
Your crimson imp hits the hobgoblin but does no damage.
Your crimson imp hits the hobgoblin.
The hobgoblin dies!
A kobold comes into view.
What are your orders? t - Meow!
Orders for allies: a - Attack new target. r - Retreat! s - Stop attacking. g - Guard the area. f - Follow me.
Anything else - Cancel.
Gang up on whom?
Press: ? - help, Dir - move target cursor, f - kobold
Aim: a kobold Attack!
Your crimson imp blinks!
Your crimson imp misses the kobold.
There is a stone staircase leading up here.
You see here a stone.
Casting: Call Imp (safe; 12% risk of failure)
Confirm with . or Enter, or press ? or * to list all spells.
A beastly little devil appears in a puff of flame.
The kobold closely misses you.
Your crimson imp closely misses the kobold.
Your crimson imp hits the kobold.
The kobold hits your crimson imp but does no damage.
You climb upwards.
Your summoned ally is left behind.
Level annotation: exclusion: 2 downstairs
There is a stone staircase leading down here.
You closely miss the kobold.
The kobold is severely wounded.
The kobold hits you.
You scratch the kobold.
You kill the kobold!
No target in view!
Magic restored.
HP restored.
Done exploring.
You climb downwards.
The adder barely misses you. The adder bites you.
There is a stone staircase leading up here.
You see here a stone.
Casting: Call Imp (safe; 12% risk of failure)
Confirm with . or Enter, or press ? or * to list all spells.
A beastly little devil appears in a puff of frigid air.
The adder bites you.
You are lethally poisoned!
The adder poisons you!
* * * LOW HITPOINT WARNING * * *
You feel sick. The adder bites you.
You die...

#####.....#
#..........
#...........#
#...........#
#####...........#.#
##....)..........#.#
##................#.##
#....<......
#...............g.#...
#...............÷S....
##...............#....
#.........#...........
#.........#.##.##.....
#.........#....#......
#.........##...#......


You could see an adder and a friendly white imp (summoned).

Vanquished Creatures
  An adder (D:2)
  A worm (D:1)
  A dart slug (D:2)
  2 giant cockroaches (D:1)
  2 goblins (D:1)
  6 hobgoblins
  4 bats
  A frilled lizard (D:2)
  6 kobolds (D:1)
  6 rats
30 creatures vanquished.

Vanquished Creatures (collateral kills)
  2 adders
  A hobgoblin (D:2)
  A kobold (D:1)
4 creatures vanquished.

Grand Total: 34 creatures vanquished

Notes
Turn   | Place    | Note
-------+----------+-------------------------------------------
     0 | D:1      | EnegeticOcto the Felid Wanderer began the quest for the
                  | Orb.
     0 | D:1      | EnegeticOcto set off with the following items: a potion of
                  | lignification {@q6}, a ration; and the following spell
                  | memorised: Magic Dart; and the following spells available
                  | to memorise: Slow, Call Imp, Blink, Conjure Flame, Mephitic
                  | Cloud
     0 | D:1      | Reached XP level 1. HP: 7/7 MP: 4/4
   148 | D:1      | Reached skill level 2 in Stealth
   495 | D:1      | Reached skill level 1 in Conjurations
   520 | D:1      | Reached XP level 2. HP: 11/11 MP: 3/6
  1084 | D:1      | Learned a level 2 spell: Slow
  1087 | D:1      | Learned a level 2 spell: Call Imp
  1249 | D:2      | Reached XP level 3. HP: 14/14 MP: 4/7
  1401 | D:1      | Reached skill level 2 in Summonings
  2305 | D:2      | Slain by an adder

Illustrated notes

Levels and vault maps discovered:
D:1:      heliophobic_arrival_henge, layout_basic
D:2:      layout_rooms, uniq_robin

Skill      XL: |  1  2  3 |
---------------+----------+-----
Stealth        | 2 |  2.2
Conjurations   | 1 |  1.6
Summonings     | 2 |  2.7
Spellcasting   | |  2.0
Hexes          | |  3.0
Necromancy     | |  2.0
Ice Magic      | |  1.0
Evocations     | |  1.1

Action                   || total
-------------------------++-------
Melee: Unarmed           ||    12
 Cast: Magic Dart        ||    75
       Call Imp          ||     5
  Use: Scroll            ||     1
       Potion            ||     1
  Eat: Chunk             ||    12
Armor: Skin              ||     8
Dodge: Dodged            ||    23

Table legend:
 A = Non-vault XP
 B = Vault XP
 C = Vault XP percentage of total XP
 D = Non-vault monster count
 E = Vault monster count
 F = Vault count percentage of total count
                 A         B        C        D         E       F
            +---------+---------+-------+---------+---------+-------
      Total |      84 |       0 |   0.0 |      34 |       0 |   0.0
            +---------+---------+-------+---------+---------+-------
        D:1 |      47 |       0 |   0.0 |      23 |       0 |   0.0
        D:2 |      37 |       0 |   0.0 |      11 |       0 |   0.0
            +---------+---------+-------+---------+---------+-------
